[Event "Titled Tuesday Blitz July 20 2021"]
[White "Zaksaite, Salomeja"]
[Black "Nazaretyan, Tigran"]
[WhiteFideId "12801496"]
[BlackFideId "24162345"]
[WhiteElo "2002"]
[BlackElo "2214"]
[Result "0-1"]
[Round "09"]
[TimeControl "180+1"]
[Date "2021.07.21"]
[WhiteClock "0:00:01"]
[BlackClock "0:00:19"]

1. e4 c5 2. Nf3 Nc6 3. Bb5 g6 4. O-O Bg7 5. Re1 Nf6 6. e5 Nd5 7. Nc3 Nc7 8. Bxc6 dxc6 9. Ne4 Ne6 10. d3 O-O 11. Be3 b6 12. Qd2 f5 13. exf6 exf6 14. Bh6 a5 15. Ng3 Ra7 16. Re4 Re7 17. Rae1 Rfe8 18. h3 Nc7 19. Bxg7 Kxg7 20. Rxe7+ Rxe7 21. Re4 Rxe4 22. Nxe4 Bf5 23. Ng3 Qd5 24. Qf4 Ne6 25. Nxf5+ gxf5 26. Qg3+ Kf7 27. b3 f4 28. Qh4 Kg6 29. Qg4+ Kf7 30. Qh4 h5 31. Nd2 Kg6 32. Ne4 Qe5 33. g4 fxg3 34. Qxg3+ Qxg3+ 35. fxg3 f5 36. Nd6 Nd4 37. Nc8 b5 38. Kf2 Kf6 39. c3 Nxb3 40. axb3 a4 41. bxa4 bxa4 42. Nb6 a3 43. Nd7+ Kg5 44. Nxc5 a2 45. Nb3 f4 46. gxf4+ Kxf4 47. c4 h4 48. Ke2 Kg3 49. d4 Kxh3 50. Kf2 Kg4 0-1


[Site "https://www.chess.com"]

[Event "Titled Tuesday Blitz July 20 2021"]
[White "Zherebtsova, Alexandra"]
[Black "Baskin, Robert"]
[WhiteFideId "24129518"]
[BlackFideId "24662402"]
[WhiteElo "2025"]
[BlackElo "2462"]
[Result "0-1"]
[Round "09"]
[TimeControl "180+1"]
[Date "2021.07.21"]
[WhiteClock "0:00:07"]
[BlackClock "0:00:15"]

1. d4 Nf6 2. Nf3 e6 3. g3 c5 4. Bg2 cxd4 5. Nxd4 Nc6 6. O-O Be7 7. c4 Qb6 8. Nb5 Ne5 9. Be3 Qd8 10. Bxa7 Nxc4 11. Qc2 d5 12. b3 Bd7 13. bxc4 Bxb5 14. cxb5 Rxa7 15. Nc3 O-O 16. Rfd1 Qa5 17. Qb3 Rc8 18. Rac1 Rc5 19. e4 dxe4 20. Nxe4 Rxc1 21. Rxc1 g6 22. Rc8+ Kg7 23. h4 Nxe4 24. Bxe4 Qe1+ 25. Kh2 Qxe4 26. Qb2+ Bf6 27. Qc2 Qxc2 28. Rxc2 b6 29. Rc6 Rxa2 30. Kg2 Bd4 31. Kh3 Rxf2 0-1


[Site "https://www.chess.com"]

[Event "Titled Tuesday Blitz July 20 2021"]
[White "Zierk, Steven"]
[Black "Ozen, Bahadir"]
[WhiteFideId "2034255"]
[BlackFideId "6337058"]
[WhiteElo "2494"]
[BlackElo "2503"]
[Result "1-0"]
[Round "09"]
[TimeControl "180+1"]
[Date "2021.07.20"]
[WhiteClock "0:01:27"]
[BlackClock "0:00:18"]

1. e4 c6 2. d4 d5 3. exd5 cxd5 4. Bd3 Nf6 5. c3 Bg4 6. Qb3 Qc8 7. Bf4 e6 8. Nd2 Nc6 9. Ngf3 Be7 10. O-O O-O 11. a4 Bd8 12. Rae1 Bc7 13. Ne5 Nxe5 14. Bxe5 Bh5 15. f4 Nd7 16. Qc2 Bg6 17. Bxc7 Bxd3 18. Qxd3 Qxc7 19. f5 Rae8 20. fxe6 Rxe6 21. Rxe6 fxe6 22. Re1 Rf6 23. Nf3 Qf4 24. Qb5 Qc7 25. Qb4 Nf8 26. Ne5 Ng6 27. Qb5 Qe7 28. Nxg6 Rxg6 29. Qxd5 exd5 30. Rxe7 Rb6 31. b4 Rc6 32. Rxb7 Rxc3 33. Rxa7 Rc4 34. b5 Rxd4 35. b6 Rb4 36. b7 1-0


[Site "https://www.chess.com"]

[Event "Titled Tuesday Blitz July 20 2021"]
[White "kai_nov"]
[Black "Locci, Damiano"]
[BlackFideId "819751"]
[WhiteElo "2310"]
[BlackElo "2439"]
[Result "1-0"]
[Round "09"]
[TimeControl "180+1"]
[Date "2021.07.21"]
[WhiteClock "0:00:04"]
[BlackClock "0:00:17"]

1. d4 d5 2. c4 Nc6 3. Nc3 dxc4 4. d5 Na5 5. Qa4+ c6 6. b4 b5 7. Qxa5 Qxa5 8. bxa5 b4 9. Nd1 cxd5 10. e4 e6 11. exd5 exd5 12. Be3 Bd6 13. Bd4 Nf6 14. Nf3 O-O 15. Ne3 Be6 16. Be2 Bc7 17. a6 Ne4 18. O-O Bc8 19. Nxd5 Bb6 20. Bxb6 axb6 21. Bxc4 Bxa6 22. Bxa6 Rxa6 23. Nxb4 Ra5 24. Rab1 Nc3 25. Rb2 Rc8 26. g3 Rb5 27. Nd4 Rbc5 28. Ndc6 R8xc6 29. Nxc6 Rxc6 30. Rc2 Rc5 31. Kg2 Kf8 32. Rfc1 Ne4 33. Rxc5 Nxc5 34. Rb1 Nd7 35. Rc1 Ke7 36. Rc7 Kd6 37. Rc8 g6 38. f4 h5 39. Kf3 Nc5 40. h3 Ne6 41. g4 hxg4+ 42. hxg4 Kd7 43. Rb8 Kc7 44. Ra8 Kd6 45. Ra7 f5 46. gxf5 gxf5 47. Rf7 b5 48. Rxf5 Nd4+ 49. Ke4 Nxf5 50. Kxf5 Kc5 51. Ke6 Kb4 52. f5 Ka3 53. f6 Kxa2 54. f7 b4 55. f8=Q b3 56. Qa8+ Kb1 57. Qh1+ Ka2 58. Qd5 Ka1 59. Qa5+ Kb1 60. Qe1+ Ka2 61. Qa5+ Kb1 62. Qc3 b2 63. Kd5 Ka2 64. Qa5+ Kb1 65. Kc4 Kc2 66. Qc3+ Kb1 67. Kb3 Ka1 68. Qxb2# 1-0


[Site "https://www.chess.com"]

[Event "Titled Tuesday Blitz July 20 2021"]
[White "Ahmadzada, Ahmad"]
[Black "Prraneeth Vuppala"]
[WhiteFideId "13413007"]
[BlackFideId "46622373"]
[WhiteElo "2226"]
[BlackElo "1759"]
[Result "1-0"]
[Round "10"]
[TimeControl "180+1"]
[Date "2021.07.20"]
[WhiteClock "0:00:07"]
[BlackClock "0:00:07"]

1. Nf3 d5 2. g3 Nd7 3. Bg2 e5 4. O-O Ngf6 5. c4 dxc4 6. Qa4 Bd6 7. Qxc4 O-O 8. d3 c6 9. b3 Nb6 10. Qc2 Bg4 11. Nbd2 Qd7 12. Bb2 Rfe8 13. Nc4 Nxc4 14. bxc4 Bh3 15. Nd2 Bxg2 16. Kxg2 Nh5 17. Nf3 Qg4 18. Kh1 Re6 19. Bc1 Rae8 20. Kg2 Nf4+ 21. Kh1 Nh3 22. Ng1 Nxg1 23. Kxg1 Qh3 24. f3 Bc5+ 25. e3 f5 26. Rb1 f4 27. Qg2 Qh6 28. Rxb7 fxe3 29. Qe2 Rf6 30. Re1 Qh5 31. Bxe3 Bxe3+ 32. Qxe3 Rxf3 33. Qe2 Ref8 34. Rb2 Qf5 35. Kg2 e4 36. dxe4 Qg4 37. e5 h5 38. Qe4 Qg5 39. Qxf3 Rxf3 40. Kxf3 Qf5+ 41. Kg2 Qe6 42. Rf2 h4 43. h3 hxg3 44. Kxg3 Qg6+ 45. Kh2 Qe6 46. Ree2 Kh7 47. Kg3 a5 48. Kf4 a4 49. Ke3 Qxe5+ 50. Kd3 Qd6+ 51. Kc3 Qa3+ 52. Kd4 Qd6+ 53. Ke4 c5 54. Rd2 Qe6+ 55. Kd3 Qxh3+ 56. Kc2 Qa3 57. Rh2+ Kg8 58. Kd1 Qc3 59. Rd8+ Kf7 60. Rf2+ Ke7 61. Rfd2 Qxc4 62. R8d7+ Kf6 63. R7d6+ Kf7 64. Rd7+ Kg8 65. Rd8+ Kh7 66. Rh2+ Kg6 67. Rg2+ Kf6 68. Rd6+ Ke5 69. Rdg6 Qf1+ 70. Kd2 Qf4+ 71. Ke2 Qe4+ 72. Kf2 Qc2+ 73. Kg1 Qc1+ 74. Kh2 Qf4+ 75. Kg1 Qe3+ 76. Kh2 c4 77. Rxg7 Qh6+ 78. Kg1 c3 79. Re7+ Kd6 80. Ree2 Qc1+ 81. Kh2 Qf4+ 82. Kh3 a3 83. Rc2 Qf5+ 84. Kg3 Qe5+ 85. Kf3 Kc5 86. Rge2 Qf5+ 87. Ke3 Kc4 88. Rf2 Qd3+ 89. Kf4 Qd4+ 90. Kf5 Kd3 91. Rh2 Qe4+ 92. Kg5 Qe3+ 93. Kf5 Qd2 94. Rcxd2+ cxd2 95. Rh1 Kc2 96. Ke4 d1=Q 97. Rxd1 Kxd1 98. Kd3 Kc1 99. Kc3 Kb1 100. Kb3 Kc1 101. Kxa3 Kd2 102. Kb4 Kd3 103. a4 Kd4 104. Kb5 Kd5 105. a5 Kd6 106. Kb6 Kd7 107. Kb7 1-0


[Site "https://www.chess.com"]

[Event "Titled Tuesday Blitz July 20 2021"]
[White "Al-Tarboush, Ward"]
[Black "ValeriyGrinev"]
[WhiteFideId "7601450"]
[WhiteElo "2319"]
[BlackElo "2631"]
[Result "1-0"]
[Round "10"]
[TimeControl "180+1"]
[Date "2021.07.21"]
[WhiteClock "0:00:04"]
[BlackClock "0:00:05"]

1. e4 e5 2. Nf3 Nc6 3. Bb5 a6 4. Ba4 Nf6 5. O-O Nxe4 6. d4 b5 7. Bb3 d5 8. dxe5 Be6 9. Nbd2 Nc5 10. c3 d4 11. Bxe6 Nxe6 12. Ne4 Be7 13. cxd4 Ncxd4 14. Nxd4 Qxd4 15. Qf3 Rd8 16. Bf4 Qd3 17. Be3 O-O 18. h4 Qd5 19. Qf5 f6 20. Rac1 fxe5 21. Qg4 h5 22. Qg6 Nf4 23. Bxf4 Rxf4 24. Rxc7 Qxe4 25. Qxe4 Rxe4 26. Rxe7 Rxh4 27. Rc1 e4 28. g3 Rg4 29. Kg2 Rd2 30. Rc8+ Kh7 31. Rc5 Kh6 32. Rc6+ g6 33. Rxa6 Rxb2 34. Ree6 Rb4 35. Kf1 Rb1+ 36. Kg2 Rb2 37. Kg1 Rg5 38. Rxe4 Rc5 39. Ree6 Rg5 40. Kg2 Rg4 41. Rf6 Rg5 42. Kf3 h4 43. gxh4 Rg1 44. Ke4 Rb4+ 45. Kd5 Rxh4 46. f4 Rh5+ 47. Kd6 Rd1+ 48. Ke7 Rg1 49. Kf7 Rh2 50. Rxg6+ Rxg6 51. Rxg6+ Kh5 52. Rg5+ Kh4 53. Rxb5 Rxa2 54. f5 Ra7+ 55. Kg6 Ra1 56. f6 Rg1+ 57. Kh6 Rf1 58. Kg7 Kg4 59. f7 1-0


[Site "https://www.chess.com"]

[Event "Titled Tuesday Blitz July 20 2021"]
[White "Arabidze, Meri"]
[Black "Bartel, Michal"]
[WhiteFideId "13604040"]
[BlackFideId "1119257"]
[WhiteElo "2432"]
[BlackElo "2271"]
[Result "1-0"]
[Round "10"]
[TimeControl "180+1"]
[Date "2021.07.20"]
[WhiteClock "0:00:22"]
[BlackClock "0:01:01"]

1. Nf3 d5 2. d4 Bg4 3. Nbd2 c6 4. g3 e6 5. Bg2 Nf6 6. O-O Nbd7 7. c4 Be7 8. b3 O-O 9. Bb2 Re8 10. a3 Bf8 11. b4 a5 12. Qb3 dxc4 13. Nxc4 axb4 14. axb4 Rxa1 15. Rxa1 Nb6 16. Nce5 Bf5 17. h3 Nbd5 18. b5 Qb6 19. Nd2 Qxb5 20. Qxb5 cxb5 21. e4 Nxe4 22. Nxe4 Rc8 23. g4 Bg6 24. Nxg6 hxg6 25. Rc1 Ra8 26. Ra1 Rc8 27. Nc5 Bxc5 28. dxc5 Rxc5 29. Ra8+ Kh7 30. Rb8 Nf4 31. Rxb7 Kg8 32. Bf1 g5 33. Bd4 Rc1 34. Be3 Nxh3+ 35. Kg2 Nf4+ 36. Bxf4 gxf4 37. Rxb5 f6 38. Bd3 Kf7 39. Rb7+ Kf8 40. Bg6 Rc8 41. Rf7+ Kg8 42. Re7 e5 43. Re8+ Rxe8 44. Bxe8 Kh7 45. Kf3 Kh6 46. Ke4 Kg5 47. f3 Kh4 48. Kf5 Kg3 49. Bc6 Kh4 50. Kg6 1-0


[Site "https://www.chess.com"]

[Event "Titled Tuesday Blitz July 20 2021"]
[White "Aradhya, Garg"]
[Black "Martins, Igor Carvalho Ribeiro"]
[WhiteFideId "25006746"]
[BlackFideId "2162962"]
[WhiteElo "2146"]
[BlackElo "2530"]
[Result "1-0"]
[Round "10"]
[TimeControl "180+1"]
[Date "2021.07.21"]
[WhiteClock "0:00:49"]
[BlackClock "0:00:17"]

1. d4 Nf6 2. c4 e6 3. Nf3 Bb4+ 4. Nbd2 b6 5. g3 Bb7 6. Bg2 O-O 7. O-O Bxd2 8. Bxd2 d6 9. b4 Nbd7 10. a4 c5 11. dxc5 dxc5 12. b5 Ne4 13. Bf4 Ndf6 14. Qc2 a5 15. Ne5 Rc8 16. Nc6 Bxc6 17. bxc6 e5 18. Bxe5 Re8 19. Rfd1 Qe7 20. Bxf6 Nxf6 21. Rab1 Rb8 22. Rd2 Red8 23. Rbd1 Rxd2 24. Qxd2 g6 25. Qd6 Qxd6 26. Rxd6 Ne8 27. Rd7 Nf6 28. Ra7 Kf8 29. c7 Rc8 30. Bh3 1-0


[Site "https://www.chess.com"]

[Event "Titled Tuesday Blitz July 20 2021"]
[White "Arkell, Keith C"]
[Black "Havanecz, Bianka"]
[WhiteFideId "400270"]
[BlackFideId "704814"]
[WhiteElo "2398"]
[BlackElo "2346"]
[Result "0-1"]
[Round "10"]
[TimeControl "180+1"]
[Date "2021.07.21"]
[WhiteClock "0:02:21"]
[BlackClock "0:00:36"]

1. d4 d5 2. Nf3 Nf6 3. c4 e6 4. cxd5 exd5 5. Nc3 c6 6. Qc2 Bd6 7. Bg5 h6 8. Bxf6 Qxf6 9. Nxd5 Qd8 10. Nc3 O-O 11. e3 Re8 12. Be2 Nd7 13. O-O Nf6 14. h3 Bc7 15. Rfd1 Be6 16. e4 Qc8 17. Bf1 Nh5 18. d5 cxd5 19. exd5 Bf5 20. Bd3 Bxh3 21. gxh3 Qxh3 22. Bh7+ Kh8 23. Qf5 Nf4 24. Ne1 Rxe1+ 0-1


[Site "https://www.chess.com"]

[Event "Titled Tuesday Blitz July 20 2021"]
[White "Arnold, Ken"]
[Black "Pinheiro, Iung Alicio de O."]
[WhiteFideId "2056836"]
[BlackFideId "2104350"]
[WhiteElo "2496"]
[BlackElo "2608"]
[Result "1-0"]
[Round "10"]
[TimeControl "180+1"]
[Date "2021.07.21"]
[WhiteClock "0:00:37"]
[BlackClock "0:00:19"]

1. d4 Nf6 2. c4 g6 3. Nf3 Bg7 4. Nc3 O-O 5. Bg5 d6 6. e4 Na6 7. Be2 Qe8 8. O-O e5 9. d5 Nc5 10. Nd2 a5 11. b3 Bd7 12. a3 h6 13. Be3 Nh7 14. b4 axb4 15. axb4 Na6 16. Qb3 f5 17. f3 Qe7 18. c5 Kh8 19. c6 Bc8 20. cxb7 Bxb7 21. Ra5 Nb8 22. Rxa8 Bxa8 23. Ra1 Nd7 24. Ra7 Ndf6 25. b5 Qd8 26. Qc4 fxe4 27. Ndxe4 Ne8 28. Na4 Nhf6 29. Nxf6 Nxf6 30. Nc3 e4 31. fxe4 Nd7 32. Qxc7 Nf6 33. Qxg7# 1-0


[Site "https://www.chess.com"]

[Event "Titled Tuesday Blitz July 20 2021"]
[White "Asadli, Vugar"]
[Black "Zierk, Steven"]
[WhiteFideId "13405764"]
[BlackFideId "2034255"]
[WhiteElo "2386"]
[BlackElo "2494"]
[Result "1-0"]
[Round "10"]
[TimeControl "180+1"]
[Date "2021.07.20"]
[WhiteClock "0:01:52"]
[BlackClock "0:01:19"]

1. e4 c5 2. Nc3 Nc6 3. Bb5 g6 4. Bxc6 dxc6 5. f4 Bg7 6. Nf3 Nf6 7. O-O O-O 8. d3 Bg4 9. h3 Bxf3 10. Qxf3 c4 11. e5 Ne8 12. dxc4 Qd4+ 13. Be3 Qxc4 14. Rad1 Qe6 15. Qg4 f5 16. Qe2 Nc7 17. Rd2 g5 18. g3 gxf4 19. gxf4 Kh8 20. Kh2 Rg8 21. Qh5 Nd5 22. Nxd5 cxd5 23. Rg2 Rac8 24. c3 Rc4 25. Bd4 Bf8 26. Rxg8+ Kxg8 27. Rg1+ Kh8 28. Qe8 Rc8 29. Qxc8 Qxc8 30. e6+ Bg7 31. Rxg7 h5 32. Rxe7+ Kg8 33. Rg7+ Kh8 1-0


[Site "https://www.chess.com"]

[Event "Titled Tuesday Blitz July 20 2021"]
[White "Baskin, Robert"]
[Black "Tristan, Leonardo"]
[WhiteFideId "24662402"]
[BlackFideId "113816"]
[WhiteElo "2462"]
[BlackElo "2404"]
[Result "0-1"]
[Round "10"]
[TimeControl "180+1"]
[Date "2021.07.20"]
[WhiteClock "0:00:05"]
[BlackClock "0:00:22"]

1. e4 c5 2. Nf3 Nc6 3. Bb5 g6 4. Bxc6 dxc6 5. d3 Bg7 6. h3 e5 7. Be3 b6 8. a3 Qc7 9. b4 Ne7 10. bxc5 b5 11. Qd2 h6 12. Nc3 f5 13. Qc1 Be6 14. Ne2 a5 15. d4 f4 16. Bd2 g5 17. Nxe5 Bxe5 18. dxe5 Ng6 19. Bc3 O-O 20. f3 Bc4 21. Nd4 Qxe5 22. Qd2 Qxc5 23. Kf2 Rad8 24. Rhd1 Rd7 25. Kg1 Rfd8 26. Kh1 b4 27. axb4 axb4 28. Bb2 Ne5 29. Kh2 Bf7 30. c3 Nc4 31. cxb4 Nxd2 32. bxc5 Nb3 33. Ra4 Nxc5 34. Rb4 Nb3 35. Rxb3 Bxb3 36. Rc1 Rxd4 37. Bxd4 Rxd4 38. Rxc6 Kg7 39. h4 gxh4 40. Kh3 Rd2 41. Rc5 Be6+ 42. Kxh4 Rxg2 43. Rc7+ Kf6 44. e5+ Kxe5 45. Rc5+ Bd5 46. Kh3 Rg3+ 47. Kh4 Rxf3 48. Rc8 Rf1 49. Re8+ Kd4 0-1


[Site "https://www.chess.com"]

[Event "Titled Tuesday Blitz July 20 2021"]
[White "Boidiya, Sidi"]
[Black "Spata, German"]
[WhiteFideId "19600100"]
[BlackFideId "113026"]
[WhiteElo "2113"]
[BlackElo "2238"]
[Result "1/2-1/2"]
[Round "10"]
[TimeControl "180+1"]
[Date "2021.07.21"]
[WhiteClock "0:01:36"]
[BlackClock "0:00:30"]

1. e4 e6 2. d4 d5 3. Nd2 c5 4. exd5 Qxd5 5. Ngf3 cxd4 6. Bc4 Qd6 7. O-O Nf6 8. Nb3 Nc6 9. Nbxd4 Nxd4 10. Qxd4 Bd7 11. Bf4 Qxd4 12. Nxd4 Rc8 13. Bb3 Bc5 14. Rad1 O-O 15. Rfe1 Rfd8 16. c3 Be8 17. Nf3 Be7 18. Ne5 Rxd1 19. Rxd1 Rd8 20. Rxd8 Bxd8 21. Nc4 Nd5 22. Bg3 Bc7 23. Ne5 f6 24. Bxd5 exd5 25. Nf3 Bb6 26. Kf1 Kf7 27. Ke2 Bb5+ 28. Kd2 Bf1 29. Ne1 d4 30. cxd4 Bxd4 31. b3 Bc5 32. f3 Bb4+ 33. Ke3 Bxe1 34. Bxe1 Bxg2 35. f4 Ke6 36. Bc3 Kf5 37. Bd4 a6 38. Bc5 Kg4 39. Kf2 Be4 40. Bd6 Bb1 41. a3 Ba2 42. b4 Kh3 43. Kg1 Bd5 44. Bc7 g6 45. Bd8 f5 46. Bc7 Kg4 47. Kf2 h6 48. Bd6 g5 49. fxg5 hxg5 50. Bc7 f4 51. Bb8 Kf5 52. Bc7 g4 53. Bb8 Ke4 54. Bc7 Be6 55. a4 f3 56. a5 Kd5 57. Bd8 Kc6 58. Be7 b6 59. axb6 Kxb6 60. Kg3 Kb5 61. Bf8 Kc6 62. Be7 Kb5 63. Bf8 a5 64. bxa5 Kxa5 65. h3 gxh3 66. Kxf3 Kb5 67. Kg3 Kc6 68. Kh2 Kd7 69. Bh6 Ke8 70. Bf4 Kf7 71. Bg3 Kg6 72. Bf2 Kf5 73. Bg3 Ke4 74. Bb8 Kd3 75. Bc7 Kc2 76. Bb8 Kb1 77. Bc7 Ka2 78. Bb8 Kb3 79. Bc7 Ka4 80. Bb8 Kb5 81. Bg3 Ka6 82. Bf4 Kb7 83. Bg3 Kc8 84. Bf4 Kd7 85. Bg3 Ke8 86. Bf4 Kf7 87. Bg3 Kg6 88. Bf4 Kh5 89. Bb8 Kg4 90. Bc7 Kf5 91. Bb8 Ke4 92. Bc7 Kd5 93. Bb8 Kc6 94. Bg3 Kb7 95. Be1 Bd7 96. Bf2 Bc8 97. Bg3 Kc6 98. Bh4 Kd5 99. Bg3 Ke4 100. Bb8 Kf3 101. Bc7 1/2-1/2


[Site "https://www.chess.com"]

[Event "Titled Tuesday Blitz July 20 2021"]
[White "Borsuk, Konstantin"]
[Black "Krallis, Christos"]
[WhiteFideId "14113406"]
[BlackFideId "4298896"]
[WhiteElo "2363"]
[BlackElo "2193"]
[Result "1-0"]
[Round "10"]
[TimeControl "180+1"]
[Date "2021.07.21"]
[WhiteClock "0:00:28"]
[BlackClock "0:00:02"]

1. d4 Nf6 2. c4 e6 3. Nc3 d5 4. cxd5 exd5 5. Bg5 Be7 6. e3 O-O 7. Bd3 h6 8. Bh4 c6 9. Qc2 Nbd7 10. Nf3 Re8 11. O-O-O Ne4 12. Bxe7 Qxe7 13. Bxe4 dxe4 14. Nd2 Nf6 15. h3 Bf5 16. g4 Bh7 17. Rdg1 Nd5 18. Kb1 Nb4 19. Qb3 Nd3 20. Rg2 Nf4 21. Rg3 Nd3 22. Rh2 Qd6 23. g5 Nxf2 24. Rhg2 Nh1 25. Rg4 h5 26. Rf4 Qxf4 27. exf4 e3+ 28. g6 Bxg6+ 29. Rxg6 exd2 30. Rg2 Re1+ 31. Kc2 Rae8 32. Kxd2 h4 33. Qxb7 Ng3 34. Qxc6 Nf1+ 35. Kc2 Ne3+ 36. Kb3 Nxg2 37. Qxg2 R1e7 38. d5 Rb8+ 39. Kc4 Reb7 40. b3 Rb4+ 41. Kc5 Rxf4 42. Ne4 Re8 43. Nd6 Re3 44. Qg5 Rc3+ 45. Kb5 Rf6 46. Nc4 Rd3 47. d6 Rdf3 48. Qxh4 R3f5+ 49. Kb4 Rf4 50. Qe1 Rxd6 51. Qe5 Rdf6 52. a4 a5+ 53. Qxa5 Kh7 54. Qh5+ Rh6 55. Qg5 Rfh4 56. Qf5+ Kg8 57. Qc8+ Kh7 58. a5 Rxh3 59. a6 Rh1 60. a7 Ra1 61. a8=Q Rxa8 62. Qxa8 Rf6 63. Qe4+ g6 64. Kc3 Re6 65. Qd5 Kg7 66. b4 Re1 67. b5 Rc1+ 68. Kb2 Rg1 69. Qd4+ 1-0


[Site "https://www.chess.com"]

[Event "Titled Tuesday Blitz July 20 2021"]
[White "Bortnyk, Olexandr"]
[Black "Le, Tuan Minh"]
[WhiteFideId "14120828"]
[BlackFideId "12401153"]
[WhiteElo "2723"]
[BlackElo "2450"]
[Result "0-1"]
[Round "10"]
[TimeControl "180+1"]
[Date "2021.07.20"]
[WhiteClock "0:00:01"]
[BlackClock "0:00:30"]

1. e4 c5 2. c3 Nf6 3. e5 Nd5 4. d4 cxd4 5. Nf3 Nc6 6. cxd4 d6 7. Bc4 dxe5 8. Nxe5 e6 9. O-O Bd6 10. Nf3 O-O 11. Qe2 b6 12. Nbd2 Bb7 13. Ne4 Be7 14. a3 Rc8 15. Rd1 Re8 16. Bd2 h6 17. Rac1 Bf8 18. Bb5 Re7 19. Bd3 Rec7 20. Nc3 Nce7 21. Ne5 Nf6 22. Bb1 Ned5 23. Qd3 Nxc3 24. Rxc3 Be4 25. Qe2 Bxb1 26. Rxb1 Qxd4 27. Rd3 Qe4 28. Qxe4 Nxe4 29. Bf4 Rc2 30. Ng4 f5 31. f3 Nc5 32. Nxh6+ gxh6 33. Re3 Rc6 34. b4 Nd7 35. Rd1 Nf6 36. Rd8 Kf7 37. Red3 Nd5 38. Bd2 a5 39. bxa5 bxa5 40. g4 Bc5+ 41. Kf1 Rb6 42. gxf5 Rb1+ 0-1


[Site "https://www.chess.com"]

[Event "Titled Tuesday Blitz July 20 2021"]
[White "Boskovic, Drasko"]
[Black "Ovchinnikov, Vsevolod"]
[WhiteFideId "927368"]
[BlackFideId "24176842"]
[WhiteElo "2388"]
[BlackElo "2376"]
[Result "0-1"]
[Round "10"]
[TimeControl "180+1"]
[Date "2021.07.21"]
[WhiteClock "0:01:12"]
[BlackClock "0:01:03"]

1. e4 g6 2. d4 Bg7 3. g3 d6 4. Bg2 Nf6 5. Nc3 O-O 6. Nge2 Nbd7 7. O-O Rb8 8. h3 b5 9. a3 a6 10. Be3 Bb7 11. g4 Qc8 12. Ng3 c5 13. d5 Nb6 14. b3 Nxg4 15. hxg4 Bxc3 16. Rb1 Rd8 17. g5 e6 18. Bh3 Qd7 19. Qf3 Bg7 20. c4 Qe7 21. Rbc1 bxc4 22. bxc4 Bc8 23. Kg2 exd5 24. exd5 Bxh3+ 25. Kxh3 Re8 26. Kg2 Nd7 27. Rh1 Rb2 28. Rce1 Ne5 29. Qe4 Qd8 30. Qh4 h5 31. gxh6 Qxh4 32. Rxh4 Bf8 33. h7+ Kh8 34. Bg5 Rxf2+ 35. Kxf2 Nd3+ 36. Kf3 Nxe1+ 37. Kg4 f5+ 38. Nxf5 gxf5+ 39. Kxf5 Bg7 40. Kg6 Nf3 41. Bf6 Nxh4+ 42. Kf7 Rf8+ 0-1


[Site "https://www.chess.com"]

[Event "Titled Tuesday Blitz July 20 2021"]
[White "Chen, Max"]
[Black "Manzone, Alessandro"]
[WhiteFideId "2622440"]
[BlackFideId "112488"]
[WhiteElo "2445"]
[BlackElo "2327"]
[Result "0-1"]
[Round "10"]
[TimeControl "180+1"]
[Date "2021.07.21"]
[WhiteClock "0:00:01"]
[BlackClock "0:00:02"]

1. e4 c5 2. Nf3 e6 3. d4 cxd4 4. Nxd4 Nc6 5. Nc3 Qc7 6. Be3 a6 7. Be2 Nf6 8. O-O Bb4 9. f3 O-O 10. Nb3 d5 11. exd5 Rd8 12. Qc1 exd5 13. Rd1 Qe7 14. Bf1 Bf5 15. Bf2 Rac8 16. Na4 d4 17. a3 Bd6 18. Re1 Qc7 19. g3 b5 20. Nac5 Ne5 21. Nxd4 Bxc5 22. Nxf5 Nxf3+ 23. Kg2 Nxe1+ 24. Qxe1 Bxf2 25. Qxf2 Ng4 26. Qe2 Ne5 27. Re1 f6 28. c3 Re8 29. Qe4 Rcd8 30. Nd4 Qd7 31. Qf4 Nd3 32. Rxe8+ Rxe8 33. Bxd3 Qd5+ 34. Qf3 Qg5 35. Qf5 Qd2+ 36. Kh3 Qh6+ 37. Kg2 Kh8 38. Qf4 Qh5 39. Nf3 Qd5 40. Qd4 Qb3 41. Qb4 Qd1 42. Qd4 Qc1 43. c4 bxc4 44. Qxc4 Qxb2+ 45. Qc2 Qxa3 46. Bxh7 Qe3 47. Bg6 Qe2+ 48. Qxe2 Rxe2+ 49. Kf1 Rb2 50. Bd3 a5 51. Nd4 a4 52. Nb5 a3 0-1


[Site "https://www.chess.com"]

[Event "Titled Tuesday Blitz July 20 2021"]
[White "Costachi, Mihnea"]
[Black "Estrada Nieto, Julian"]
[WhiteFideId "1217518"]
[BlackFideId "5101018"]
[WhiteElo "2482"]
[BlackElo "2270"]
[Result "1-0"]
[Round "10"]
[TimeControl "180+1"]
[Date "2021.07.21"]
[WhiteClock "0:02:41"]
[BlackClock "0:00:06"]

1. c4 e5 2. g3 Nf6 3. Bg2 d5 4. cxd5 Nxd5 5. Nc3 Nb6 6. d3 Be7 7. Nf3 Nc6 8. O-O O-O 9. a3 a5 10. Bd2 Re8 11. Rc1 Bg4 12. h3 Bh5 13. Nb5 Bf6 14. Qc2 Bg6 15. Qc5 e4 16. dxe4 Bxe4 17. Bf4 Nd5 18. Rcd1 Bxb2 19. Nxc7 Nxf4 20. Rxd8 Nxe2+ 21. Kh2 Raxd8 22. Nxe8 Rxe8 23. Qb5 Bf6 24. Qxe2 h6 25. Nd2 Nd4 26. Qxe4 Rxe4 27. Nxe4 Nc2 28. Nxf6+ gxf6 29. Bxb7 Nxa3 30. Ra1 Nc2 31. Rxa5 Nd4 32. Bd5 Ne6 33. Bxe6 fxe6 34. Ra7 1-0


[Site "https://www.chess.com"]

[Event "Titled Tuesday Blitz July 20 2021"]
[White "Czerw, Dawid"]
[Black "Navalgund, Niranjan"]
[WhiteFideId "1145746"]
[BlackFideId "5030854"]
[WhiteElo "2075"]
[BlackElo "2290"]
[Result "1/2-1/2"]
[Round "10"]
[TimeControl "180+1"]
[Date "2021.07.21"]
[WhiteClock "0:00:02"]
[BlackClock "0:00:52"]

1. c3 e5 2. d4 d6 3. h3 Nf6 4. dxe5 dxe5 5. Qxd8+ Kxd8 6. Nf3 Bd6 7. Nbd2 Ke7 8. Nc4 Be6 9. Ncxe5 Rd8 10. g4 h6 11. Rg1 Ne4 12. Be3 Na6 13. O-O-O Bxa2 14. Rd4 Nac5 15. Kc2 Bb3+ 16. Kc1 a5 17. Nd3 Be6 18. Nxc5 Nxc5 19. Bg2 Nb3+ 20. Kc2 Nxd4+ 21. Nxd4 c6 22. f4 Bd5 23. Nf5+ Kd7 24. Bxd5 cxd5 25. Nxg7 a4 26. Nf5 a3 27. b4 Bf8 28. Ra1 Rdc8 29. Kb3 Rc6 30. Bd4 Re6 31. e3 Rea6 32. Ra2 Ke6 33. Ng3 f6 34. Nf1 Kf7 35. Nd2 Kg6 36. Nb1 h5 37. Rxa3 hxg4 38. hxg4 Kf7 39. Rxa6 bxa6 40. Ka4 Be7 41. Nd2 Bd8 42. Nb3 Be7 43. Ka5 Bd8+ 44. Bb6 Be7 45. Nd4 Ke8 46. Nc6 Kd7 47. Na7 Rg8 48. Kxa6 Rxg4 49. Bd4 Rg1 50. Kb7 Rc1 51. b5 f5 52. b6 Rb1 53. Nc6 Bd6 54. Ne5+ Bxe5 55. Bxe5 Rb5 56. Bd4 Rb3 57. Be5 Ra3 58. Bd4 Ra2 59. Be5 Ra5 60. Bd4 Ra2 61. Be5 Kd8 62. Bb8 Kd7 63. Ba7 Rb2 64. Bb8 Rb3 65. Be5 Rb1 66. Bd4 Rb3 67. Be5 1/2-1/2


[Site "https://www.chess.com"]

[Event "Titled Tuesday Blitz July 20 2021"]
[White "Derraugh, Geordie"]
[Black "Derige Kane, Yan"]
[WhiteFideId "2603950"]
[BlackFideId "20665431"]
[WhiteElo "2132"]
[BlackElo "2169"]
[Result "1-0"]
[Round "10"]
[TimeControl "180+1"]
[Date "2021.07.21"]
[WhiteClock "0:01:28"]
[BlackClock "0:02:26"]

1. e4 c5 2. Nf3 Nc6 3. Bb5 e6 4. Bxc6 bxc6 5. O-O Ne7 6. Re1 Ng6 7. d4 cxd4 8. Qxd4 f6 9. e5 fxe5 10. Nxe5 Qf6 11. f4 Rb8 12. c3 Rb5 13. b4 c5 14. Qd3 Ba6 15. Qxd7# 1-0


[Site "https://www.chess.com"]

[Event "Titled Tuesday Blitz July 20 2021"]
[White "DieHardCuban"]
[Black "Zaksaite, Salomeja"]
[BlackFideId "12801496"]
[WhiteElo "2461"]
[BlackElo "2002"]
[Result "1-0"]
[Round "10"]
[TimeControl "180+1"]
[Date "2021.07.21"]
[WhiteClock "0:01:32"]
[BlackClock "0:00:01"]

1. e4 c5 2. Nf3 e6 3. d4 cxd4 4. Nxd4 Nf6 5. Nc3 Nc6 6. Be2 Bb4 7. Nxc6 bxc6 8. O-O Bxc3 9. bxc3 Nxe4 10. Qd4 Nf6 11. Ba3 d5 12. Rab1 Ne4 13. Bd3 Qf6 14. Qa4 Qxc3 15. Bxe4 dxe4 16. Rb3 Qd4 17. Qxd4 1-0


[Site "https://www.chess.com"]